 Dungeon Crawl Stone Soup version 0.32-a0-119-g2e8054a333 (webtiles) character file.

Game seed: 3166615687203211141

2919 CougarLife the Summoner (level 9, -3/57 HPs)
             Began as a Merfolk Summoner on Feb 6, 2024.
             Slain by a hornet (4 damage)
             ... on level 7 of the Dungeon.
             The game lasted 00:14:38 (6420 turns).

CougarLife the Summoner (Merfolk Summoner)          Turns: 6420, Time: 00:14:38

Health: -3/57      AC:  4    Str:  8    XL:     9   Next: 79%
Magic:  13/19      EV: 12    Int: 19    God:
Gold:   317        SH:  5    Dex: 14    Spells: 8/22 levels left

rFire   . . .        x - +2 trident (drain)
rCold   . . .        (no shield)
rNeg    . . .        a - +0 robe
rPois   .            f - +1 helmet
rElec   .            (no cloak)
rCorr   .            (no gloves)
SInv    .            (no boots)
Will    .....        s - amulet of reflection
Stlth   ++           (no ring)
HPRegen 0.29/turn    (no ring)
MPRegen 0.16/turn

%: reflection
@: lethally poisoned (-3 -> -10), unable to call your familiar, slowed, very
slow
A: (nimble swimmer 2), mertail
a: no special abilities


You were on level 7 of the Dungeon.
You visited 2 branches of the dungeon, and saw 8 of its levels.

You collected 317 gold pieces.

Inventory:

Hand Weapons
 x - a +2 trident of draining (weapon)
Armour
 a - a +0 robe (worn)
 f - a +1 helmet (worn)
Jewellery
 s - an amulet of reflection (around neck)
Wands
 n - a wand of light (12)
 p - a wand of flame (19)
 w - a wand of polymorph (7)
Scrolls
 c - 5 scrolls of identify {unknown}
 d - a scroll of enchant armour {unknown}
 e - 3 scrolls of teleportation {unknown}
 i - 2 scrolls of acquirement {unknown}
 j - a scroll of blinking {unknown}
 l - a scroll of summoning {unknown}
 o - a scroll of noise {unknown}
 r - a scroll of fog {unknown}
 t - a scroll of amnesia {unknown}
 v - 3 scrolls of revelation {unknown}
Potions
 b - a potion of magic
 g - 3 potions of attraction {unknown}
 h - a potion of enlightenment {unknown}
 k - a potion of haste {unknown}
 m - 3 potions of curing {unknown}
 q - 3 potions of cancellation {unknown}
 u - a potion of mutation {unknown}


   Skills:
 - Level 2.6 Dodging
 - Level 2.1 Stealth
 + Level 7.1 Spellcasting
 + Level 8.2 Summonings
 - Level 5.0 Fire Magic
 * Level 3.8 Air Magic


You had 8 spell levels left.
You knew the following spells:

 Your Spells              Type           Power      Damage    Failure   Level
a - Summon Small Mammal   Summ           100%       N/A       1%          1
b - Call Imp              Summ           76%        N/A       1%          2
c - Call Canine Familiar  Summ           38%        N/A       1%          3
d - Summon Blazeheart Go  Fire/Summ      31%        N/A       7%          4
e - Summon Lightning Spi  Summ/Air       29%        N/A       9%          4

Your spell library contained the following spells:

 Spells                   Type           Power      Damage    Failure   Level
 Apportation              Tloc           12%        N/A       10%         1
 Kiss of Death            Conj/Necr      24%        2d7       10%         1
 Necrotise                Necr           24%        1d5       10%         1
 Slow                     Hex            24%        N/A       10%         1
 Sting                    Conj/Alch      24%        1d4       10%         1
 Confusing Touch          Hex            6%         N/A       30%         3
 Sigil of Binding         Hex            6%         N/A       30%         3
 Vampiric Draining        Necr           6%         2d6       30%         3
 Dimensional Bullseye     Hex/Tloc       3%         N/A       69%         4
 Dispel Undead            Necr           6%         3d8       69%         4


Dungeon Overview and Level Annotations

Branches:
Dungeon (7/15)             Temple (1/1) D:5

Altars:
Ashenzari
Cheibriados
Dithmenos
Elyvilon
Fedhas
Gozag
Hepliaklqana
Kikubaaqudgha
Makhleb
Nemelex Xobeh
Qazlal
Ru
Trog
Uskayaw
Vehumet
Wu Jian
Xom
Zin
The Shining One

Shops:
D:2 [


Innate Abilities, Weirdness & Mutations

((You are very nimble when in or above water. (Stealth+, EV+, Speed+++)))
Your lower body shifts to a powerful aquatic tail in water.


Message History

The arrow hits your blazeheart golem but does no damage.
The centaur shoots an arrow.
The arrow hits your blazeheart golem!
Your blazeheart golem's core flares to life once more.
The centaur unwields a +0 orcbow.
The centaur hits your blazeheart golem.
The centaur kicks your blazeheart golem but does no damage.
Your blazeheart golem barely misses the centaur.
Reach: x) +2 trident (drain)
Press: ? - help, Dir - move target, f - centaur
Aim: a centaur (moderately wounded, ally target, about 30% to evade your +2 trident of draining)
You could not reach far enough!
The centaur hits your blazeheart golem.
The centaur kicks your blazeheart golem.
The centaur wields a +0 orcbow.
The centaur shoots an arrow.
The arrow hits your blazeheart golem.
Reach: x) +2 trident (drain)
Press: ? - help, Dir - move target, f/p - centaur
Aim: a centaur, wielding a +0 orcbow (moderately wounded, ally target, about 30% to evade your +2 trident of draining)
You reach to attack!
You puncture the centaur! You drain the centaur.
The centaur is almost dead.
Your inugami is no longer moving slowly.
The centaur shoots an arrow.
The arrow hits your blazeheart golem but does no damage.
The hornet closely misses you.
Your blazeheart golem punches the centaur but does no damage.
Your blazeheart golem falls apart, revealing its core!
The centaur unwields a +0 orcbow.
The centaur completely misses your blazeheart core. x2
The hornet stings you.
* * * LOW HITPOINT WARNING * * *
You are lethally poisoned!
You feel yourself slow down.
* * * LOW HITPOINT WARNING * * *
You feel very sick.
Your blazeheart core explodes!
The fiery explosion engulfs the centaur!!
You kill the centaur!
The fiery explosion engulfs your inugami!
You kill your inugami!
Your inugami disappears in a puff of smoke!
The hornet stings you.
You die...

.. .........#####
.c###. .......#....+
##.....###.. ..##....#
.#.......#..###..#....#
............#........#
#.... #○☼.......#...#
##...##§☼.......#...+
..#.....#☼§.......#.<.#
.........y@..#..(.....#
.#.......#..###..##...#
##.....###.....###...#
#..###.. ....... ....#
... ................+
#. .....#.....#.....# #
......##...##.....#
.......#..##+#######


You could see a hornet.

Vanquished Creatures
  Jeremiah (D:6)
  A troll (D:6)
  3 yaks (D:6)
  A water moccasin (D:6)
  An orc warrior (D:6)
  An ogre (D:6)
  2 centaurs
  A phantom (D:6)
  A hound (D:6)
  2 dart slugs
  A ribbon worm (D:3)
  5 orcs
  4 bats
  3 endoplasms
  A giant cockroach (D:3)
  4 goblins
  A jackal (D:4)
  5 kobolds
  2 quokkas (D:1)
  5 ball pythons
  3 rats
48 creatures vanquished.

Vanquished Creatures (collateral kills)
  Grinder (D:5)
  Eustachio (D:5)
  Menkaure (D:4)
  2 ice beasts
  An ogre (D:4)
  A black bear (D:5)
  A sky beast (D:6)
  A kobold brigand (D:6)
  A nameless horror (D:6)
  2 scorpions
  A howler monkey (D:5)
  A bombardier beetle (D:5)
  A jelly (D:6)
  2 orc priests
  An iguana (D:4)
  2 orc wizards (D:6)
  Ijyb (D:4)
  Robin (D:2)
  7 adders
  A shadow imp (D:4)
  A dart slug (D:3)
  7 orcs
  3 ball pythons
  A bat (D:1)
  An endoplasm (D:3)
  13 goblins
  5 hobgoblins
  4 jackals
  4 kobolds (D:6)
  3 quokkas
  2 frilled lizards
  3 rats
77 creatures vanquished.

Vanquished Creatures (others)
  8 blazeheart cores
8 creatures vanquished.

Grand Total: 133 creatures vanquished

Notes
Turn   | Place    | Note
-------+----------+-------------------------------------------
     0 | D:1      | CougarLife the Merfolk Summoner began the quest for the
                  | Orb.
     0 | D:1      | Reached XP level 1. HP: 13/13 MP: 3/3
   341 | D:1      | Reached XP level 2. HP: 19/19 MP: 1/5
   344 | D:1      | Learned a level 2 spell: Call Imp
  1069 | D:1      | Reached XP level 3. HP: 24/24 MP: 6/6
  1073 | D:1      | Learned a level 3 spell: Call Canine Familiar
  1533 | D:2      | Noticed Robin
  1542 | D:2      | Killed Robin
  1651 | D:2      | Found Toidaup's Armour Shop.
  1688 | D:2      | Reached XP level 4. HP: 30/30 MP: 3/8
  1767 | D:2      | Found a faded altar of an unknown god.
  2192 | D:3      | Reached skill level 5 in Summonings
  2452 | D:3      | Reached XP level 5. HP: 35/35 MP: 7/10
  2488 | D:3      | Learned a level 4 spell: Summon Blazeheart Golem
  2947 | D:4      | Noticed Ijyb
  2970 | D:4      | Killed Ijyb
  2971 | D:4      | Reached skill level 1 in Fire Magic
  3053 | D:4      | Noticed Menkaure
  3130 | D:4      | Noticed an ogre
  3133 | D:4      | Killed Menkaure
  3134 | D:4      | Reached XP level 6. HP: 41/41 MP: 5/12
  3268 | D:4      | Reached XP level 7. HP: 46/46 MP: 9/13
  3678 | D:5      | Entered Level 5 of the Dungeon
  3693 | D:5      | Reached skill level 6 in Summonings
  3903 | D:5      | Noticed Eustachio
  3955 | D:5      | Killed Eustachio
  3956 | D:5      | Reached XP level 8. HP: 39/52 MP: 13/15
  4052 | D:5      | Noticed Grinder
  4063 | D:5      | Killed Grinder
  4064 | D:5      | Reached skill level 5 in Spellcasting
  4147 | D:5      | Found an opulent altar of Gozag.
  4190 | D:5      | Found a glowing silver altar of Zin.
  4288 | D:5      | Found a staircase to the Ecumenical Temple.
  4366 | Temple   | Entered the Ecumenical Temple
  5049 | D:6      | Reached skill level 7 in Summonings
  5138 | D:6      | Noticed a troll
  5148 | D:6      | Killed a troll
  5149 | D:6      | Reached skill level 5 in Fire Magic
  5149 | D:6      | Reached XP level 9. HP: 50/57 MP: 10/18
  5273 | D:6      | Learned a level 4 spell: Summon Lightning Spire
  5386 | D:6      | Reached skill level 1 in Air Magic
  5608 | D:6      | Noticed Jeremiah
  5633 | D:6      | Killed Jeremiah
  5973 | D:6      | Found a stormy altar of Qazlal.
  6227 | D:6      | Reached skill level 8 in Summonings
  6411 | D:7      | Noticed a hornet
  6420 | D:7      | HP: 1/57 [poisoned by a hornet]
  6420 | D:7      | Slain by a hornet

Illustrated notes

Levels and vault maps discovered:
D:1:      ebering_hopf_link, layout_basic
D:2:      layout_loops_ring, serial_shops, nicolae_shop_rolling_square,
          shapermc_ecumenical_altar_mp_highgroup, kennysheep_potato, uniq_robin
D:3:      layout_basic
D:4:      layout_rooms, ebering_dispersal_statue_hall, minmay_tree_intersection,
          uniq_menkaure, uniq_ijyb
D:5:      layout_loops_ring, nicolae_gozag_cash_rules_everything_around_me,
          zin_academy, temple_doors_cd, minivault_1, uniq_grinder,
          uniq_eustachio
D:6:      layout_loops_corners, mainiacjoe_overflow_concentric_impassable,
          uniq_jeremiah
D:7:      nicolae_cairo_tiling_large_dashed, layout_gridville,
          lemuel_round_altar, enter_bailey_2, serial_glass, glass_columns_b,
          glass_columns_b
Temple:   nicolae_temple_superstar

Skill      XL: |  1  2  3  4  5  6  7  8  9 |
---------------+----------------------------+-----
Spellcasting   | 3 4 6 7 |  7.1
Summonings     | 5 6 7 8 |  8.2
Fire Magic     | 2 3 5 |  5.0
Air Magic      | 3 |  3.8
Dodging        | |  2.6
Stealth        | |  2.1

Action                     |  1- 3 |  4- 6 |  7- 9 || total
---------------------------+-------+-------+-------++-------
  Melee: Unarmed           |    69 |       |       ||    69
         Dagger            |    39 |    52 |    24 ||   115
         Punch             |       |     4 |     1 ||     5
         Trident           |       |       |    20 ||    20
   Cast: Summon Small Mamm |    13 |       |       ||    13
         Call Imp          |     4 |    10 |    11 ||    25
         Call Canine Famil |     5 |    15 |    22 ||    42
         Summon Blazeheart |       |       |    18 ||    18
  Evoke: Wand              |       |     1 |     1 ||     2
   Stab: Sleeping          |     1 |     3 |       ||     4
         Distracted        |       |     1 |       ||     1
 Armour: Robe              |    79 |    33 |    71 ||   183
  Dodge: Dodged            |   113 |    43 |    67 ||   223
  Block: Other             |       |       |    18 ||    18
         Reflection        |       |       |     2 ||     2

Table legend: (Time is in decaauts)
 A = Elapsed time spent in this place.
 B = Non-inter-level travel time spent in this place.
 C = Inter-level travel time spent in this place.
 D = Time resting spent in this place.
 E = Time spent auto-exploring this place.
 F = Levels seen in this place.
 G = Mean time per level.
                   A        B        C        D        E       F      G
               +--------+--------+--------+--------+--------+-----+--------+
         Total |   6421 |   6258 |    163 |    903 |   3837 |   8 |  802.6 |
       Dungeon |   6420 |   6257 |    163 |    903 |   3837 |   7 |  917.1 |
        Temple |      1 |      1 |      0 |      0 |      0 |   1 |    1.0 |
               +--------+--------+--------+--------+--------+-----+--------+

Top non-repeatable levels by time:
     D:6: 1515 daAuts
     D:5: 1202 daAuts
     D:1: 1087 daAuts
     D:2: 1079 daAuts
     D:4: 907 daAuts
     D:3: 600 daAuts
     D:7: 27 daAuts
  Temple: 1 daAuts
